 Dungeon Crawl Stone Soup version 0.21.1-1-g345015f (webtiles) character file.

1381 vatarom the Destroyer (level 8, 0/41 HPs)
             Began as a Tengu Air Elementalist on May 7, 2018.
             Was an Initiate of Sif Muna.
             Slain by an orc warrior
             ... wielding a +0 war axe
              (14 damage)
             ... on level 6 of the Dungeon.
             The game lasted 00:12:00 (6571 turns).

vatarom the Destroyer (Tengu Air Elementalist)      Turns: 6571, Time: 00:12:01

Health: 0/41       AC:  3    Str:  8    XL:     8   Next: 67%
Magic:  2/17       EV: 12    Int: 23    God:    Sif Muna [......]
Gold:   359        SH:  0    Dex: 14    Spells: 2/17 levels left

rFire    . . .     SeeInvis .   n - +0 spear (venom)
rCold    . . .     Gourm    .   (no shield)
rNeg     . . .     Faith    .   a - +0 robe
rPois    .         Spirit   .   (helmet restricted)
rElec    .         Reflect  .   p - +0 cloak
rCorr    .         Harm     .   (no gloves)
MR       .....                  (boots unavailable)
Stlth    ++........             (no amulet)
HPRegen  0.13/turn              q - +4 ring of intelligence
MPRegen  0.15/turn              (no ring)

@: no status effects
A: beak, talons 3, able to fly 1
a: Fly, Renounce Religion


You were on level 6 of the Dungeon.
You worshipped Sif Muna.
Sif Muna was noncommittal.
You were not hungry.

You visited 2 branches of the dungeon, and saw 7 of its levels.

You collected 359 gold pieces.

Inventory:

Hand Weapons
 n - a +0 spear of venom (weapon)
Armour
 a - a +0 robe (worn)
 p - a +0 cloak (worn)
 r - a +0 pair of gloves
Jewellery
 q - a +4 ring of intelligence (left hand)
Wands
 s - a wand of enslavement (17)
 t - a wand of polymorph (14)
 v - a wand of iceblast (11)
Scrolls
 d - a scroll of noise {unknown}
 e - a scroll of enchant weapon {unknown}
 f - 2 scrolls of remove curse
 j - 3 scrolls of teleportation
 m - a scroll of random uselessness {unknown}
 o - a scroll of blinking
 w - a scroll of magic mapping
 x - a scroll of fog {unknown}
 y - 2 scrolls of enchant armour {unknown}
Potions
 g - 2 potions of curing
 h - 2 potions of lignification
 i - 2 potions of flight
 k - a potion of heal wounds {unknown}
 l - 2 potions of mutation {unknown}
 u - a potion of haste {unknown}
 z - a potion of resistance {unknown}
Books
 b - a book of Air

   Spells                             Type                      Level
   a - Shock                          Conjuration/Air              1
   b - Swiftness                      Charms/Air                   2
   c - Static Discharge               Conjuration/Air              3
   d - Airstrike                      Air                          4
   e - Lightning Bolt                 Conjuration/Air              5
Comestibles
 c - 6 rations


   Skills:
 - Level 2.1 Dodging
 - Level 2.0 Stealth
 * Level 5.4 Spellcasting
 + Level 8.9 Conjurations
 + Level 8.0 Air Magic
 + Level 1.1 Invocations


You had 2 spell levels left.
You knew the following spells:

 Your Spells              Type           Power        Failure   Level  Hunger
a - Shock                 Conj/Air       ####         1%          1    None
b - Swiftness             Chrm/Air       ###.....     2%          2    None
c - Static Discharge      Conj/Air       #####...     1%          3    ##.....
d - Airstrike             Air            #####.....   3%          4    ####...
e - Lightning Bolt        Conj/Air       #####.....   8%          5    #####..


Dungeon Overview and Level Annotations

Branches:
Dungeon (6/15)             Temple (1/1) D:5

Altars:
Dithmenos
Elyvilon
Fedhas
Hepliaklqana
Kikubaaqudgha
Makhleb
Nemelex Xobeh
Okawaru
Qazlal
Ru
Sif Muna
Trog
Uskayaw
Vehumet
Wu Jian
Xom
Zin
The Shining One


Innate Abilities, Weirdness & Mutations

You have a beak for a mouth.
You have claws for feet.
You can fly.


Message History

Press: ? - help, Shift-Dir - straight line The zap misses the orc warrior.
The orc warrior hits you with a war axe.
Casting: Shock
Confirm with . or Enter, or press ? or * to list all spells.
Aiming: Shock
Press: ? - help, Shift-Dir - straight line The zap hits the orc warrior.
The orc warrior is severely wounded.
The orc warrior hits you with a war axe!
Casting: Shock
Confirm with . or Enter, or press ? or * to list all spells.
Aiming: Shock
Press: ? - help, Shift-Dir - straight line The zap hits the orc warrior.
The orc warrior is severely wounded.
You feel less wooden.
Your +0 cloak unmelds from your body.
Your +0 robe unmelds from your body.
The orc warrior hits you with a war axe!
You die...

.#......#
#.##.####.###
........#
#.##.#......#
........#
#.##.#......#
##......#
#.##........#
.......##
#.###.......#
.รท.....# #.#
#.......#
.......# #.#
#.###+###
.......# #.#
#).# ...###.#
##@# .......#
#o# #......#
#.# #......#
#)...#
#......#
##.#.#
...##### ..
.. ##.# ...
o.. #.# #.>.
.. #.# .o5# #


You could see an orc warrior.

Vanquished Creatures
  Grinder (D:4)
  2 phantoms
  2 ogres (D:4)
  Blork the orc (D:4)
  A bullfrog zombie (D:3)
  A bullfrog skeleton (D:6)
  A centaur skeleton (D:6)
  2 hounds
  Ijyb (D:3)
  An iguana (D:5)
  Natasha (thrice) (D:4)
  An orc wizard (D:6)
  5 worker ants
  Robin (D:3)
  9 adders
  2 shadow imps (D:6)
  2 oozes
  An adder skeleton (D:4)
  2 worms
  A dart slug (D:1)
  2 leopard geckos
  20 orcs
  4 giant cockroaches
  14 goblins
  7 hobgoblins
  3 jackals (D:2)
  4 quokkas
  5 ball pythons
  9 bats
  2 frilled lizards
  11 kobolds
  A leopard gecko skeleton (D:4)
  A leopard gecko zombie (D:6)
  12 rats
135 creatures vanquished.

Vanquished Creatures (others)
  Eustachio (D:4)
1 creature vanquished.

Grand Total: 136 creatures vanquished

Notes
Turn   | Place    | Note
-------+----------+-------------------------------------------
     0 | D:1      | vatarom the Tengu Air Elementalist began the quest for the Orb.
     0 | D:1      | Reached XP level 1. HP: 10/10 MP: 4/4
   163 | D:1      | Reached XP level 2. HP: 8/15 MP: 1/6
   373 | D:1      | Learned a level 2 spell: Swiftness
   674 | D:1      | Reached XP level 3. HP: 11/19 MP: 2/7
   786 | D:1      | Learned a level 3 spell: Static Discharge
  1496 | D:2      | Reached skill level 5 in Air Magic
  1496 | D:2      | Reached XP level 4. HP: 9/24 MP: 9/9
  2559 | D:3      | Gained mutation: You can fly. [Tengu growth]
  2559 | D:3      | Reached XP level 5. HP: 18/28 MP: 1/10
  2743 | D:3      | Noticed a phantom
  2750 | D:3      | Learned a level 4 spell: Airstrike
  2753 | D:3      | Killed a phantom
  2856 | D:3      | Found a burning altar of Makhleb.
  2859 | D:3      | Reached XP level 6. HP: 32/32 MP: 8/12
  3043 | D:3      | Reached skill level 5 in Conjurations
  3138 | D:3      | Noticed Robin
  3152 | D:3      | Killed Robin
  3355 | D:3      | Noticed Ijyb
  3369 | D:3      | Killed Ijyb
  4195 | D:4      | Reached XP level 7. HP: 34/36 MP: 13/13
  4256 | D:4      | Noticed Natasha
  4261 | D:4      | Killed Natasha
  4310 | D:4      | Noticed Natasha
  4313 | D:4      | Killed Natasha
  4366 | D:4      | Noticed Natasha
  4370 | D:4      | Killed Natasha
  4502 | D:4      | Noticed Eustachio
  4594 | D:4      | Killed Eustachio
  4677 | D:4      | Noticed Blork the orc
  4682 | D:4      | Killed Blork the orc
  4682 | D:4      | Reached XP level 8. HP: 33/41 MP: 3/15
  4903 | D:4      | Noticed Grinder
  4908 | D:4      | Killed Grinder
  5134 | D:5      | Entered Level 5 of the Dungeon
  5249 | D:5      | Found a bloodstained altar of Trog.
  5411 | D:5      | Learned a level 5 spell: Lightning Bolt
  5506 | D:5      | Found a staircase to the Ecumenical Temple.
  5517 | Temple   | Entered the Ecumenical Temple
  5563 | Temple   | Became a worshipper of Sif Muna the Loreminder
  5735 | D:5      | Reached skill level 5 in Spellcasting
  6538 | D:6      | Reached skill level 1 in Invocations
  6571 | D:6      | Slain by an orc warrior

Skill      XL: |  1  2  3  4  5  6  7  8 |
---------------+-------------------------+-----
Conjurations   | 2 3 4 6 7 8 |  8.9
Air Magic      | 5 6 7 8 |  8.0
Spellcasting   | 3 4 5 |  5.4
Invocations    | 1 |  1.1
Dodging        | |  2.1
Stealth        | |  2.0

Action                   |  1- 3 |  4- 6 |  7- 9 || total
-------------------------+-------+-------+-------++-------
Melee: Unarmed           |    23 |       |       ||    23
       Kick              |     7 |    14 |    14 ||    35
       Peck              |     1 |     8 |     8 ||    17
       Spear             |     4 |   103 |    87 ||   194
 Cast: Shock             |    68 |    50 |    31 ||   149
       Static Discharge  |       |     9 |    13 ||    22
       Airstrike         |       |     3 |    14 ||    17
 Abil: Fly               |       |     1 |       ||     1
  Use: Scroll            |     3 |     5 |       ||     8
       Potion            |       |     2 |     1 ||     3
 Stab: Sleeping          |     2 |     6 |     6 ||    14
  Eat: Ration            |     1 |     1 |     1 ||     3
       Chunk             |       |     6 |     6 ||    12
Armor: Robe              |    20 |     7 |    10 ||    37
       Skin              |       |    11 |    17 ||    28
Dodge: Dodged            |    45 |    55 |    51 ||   151
